 Dungeon Sprint DCSS version 0.26.1-11-gd32895ea62 (webtiles) character file.

Game seed: 1786150722739233946

429 Zeld the Carver (level 7, -3/50 HPs)
             Began as a Human Gladiator on June 8, 2021.
             Was an Initiate of the Shining One.
             Slain by a slime creature (11 damage)
             ... in the Dungeon (Sprint I: "Red Sonja").
             The game lasted 00:01:31 (1052 turns).

Zeld the Carver (Human Gladiator)                   Turns: 1052, Time: 00:01:31

Health: -3/50      AC:  9    Str: 17    XL:     7   Next: 19%
Magic:  7/7        EV:  5    Int:  8    God:    the Shining One [......]
Gold:   320        SH:  0    Dex: 14    Spells: 6/6 levels left

rFire    . . .     SeeInvis .   a - +0 long sword
rCold    . . .     Faith    .   (no shield)
rNeg     . . .     Spirit   .   d - -2 plate armour (curse)
rPois    .         Reflect  .   c - +0 helmet
rElec    .         Harm     .   (no cloak)
rCorr    .         Rampage  .   (no gloves)
Will     .....     NoTele   +   (no boots)
Stlth    ..........             (no amulet)
HPRegen  0.16/turn              (no ring)
MPRegen  0.10/turn              (no ring)

@: glowing
A: no striking features
a: Renounce Religion


You were in the Dungeon.
You worshipped the Shining One.
The Shining One was noncommittal.
You visited 1 branch You collected 320 gold pieces.

Inventory:

Hand Weapons
 a - a +0 long sword (weapon)
Armour
 c - a +0 helmet (worn)
 d - a cursed -2 plate armour (worn)
 i - a +0 chain mail of poison resistance
Scrolls
 j - a scroll of blinking
Potions
 b - a potion of attraction {unknown}
 e - a potion of curing
 g - a potion of haste
 h - 2 potions of magic


   Skills:
 - Level 2.0 Fighting
 * Level 14.0 Long Blades
 - Level 2.0 Throwing
 - Level 3.0 Dodging


You had 6 spell levels left.
You didn't know any spells.
Your spell library was empty.

Dungeon Overview and Level Annotations

Branches:
Dungeon (1/1)

Altars:
Cheibriados
Dithmenos
Elyvilon
Fedhas
Gozag
Hepliaklqana
Kikubaaqudgha
Makhleb
Nemelex Xobeh
Okawaru
Qazlal
Ru
Sif Muna
Trog
Uskayaw
Vehumet
Wu Jian
Xom
Yredelemnul
Zin
The Shining One
Jiyva
Lugonu

Shops:
D :


Message History

The slime creature is heavily wounded.
The slime creature hits you.
You hit the slime creature but do no damage.
The slime creature is heavily wounded.
The slime creature hits you!
* * * LOW HITPOINT WARNING * * *
You slash the slime creature!
The slime creature is heavily wounded.
You hit the slime creature.
The slime creature is heavily wounded.
The slime creature hits you.
* * * LOW HITPOINT WARNING * * *
You hit the slime creature.
The slime creature is heavily wounded.
The slime creature hits you.
* * * LOW HITPOINT WARNING * * *
You hit the slime creature.
The slime creature is severely wounded.
The slime creature hits you!
You die...

################ ##
#<.#..)..#..'..#__#
#..'[.#..').#@J'^.+
#..#####'#####'#__#
#..####..#...#.# ##
#..#__####..##.#
#..#_____##'#_.+
#⌠⌠#_.∩...'..._#
####_..__##_.#'#
#_____###+#.#
####### ###


You could see a slime creature.

Vanquished Creatures
  Sigmund (D)
  A yak (D)
  An ogre (D)
  A jelly (D)
  Ijyb (D)
5 creatures vanquished.

Vanquished Creatures (others)
  A gargoyle (D)
1 creature vanquished.

Grand Total: 6 creatures vanquished

Notes
Turn   | Place    | Note
-------+----------+-------------------------------------------
     0 | D        | Zeld the Human Gladiator began the quest for the Orb.
     0 | D        | Reached XP level 1. HP: 16/16 MP: 1/1
     2 | D        | Noticed Ijyb
    15 | D        | Killed Ijyb
    16 | D        | Reached skill level 6 in Long Blades
    16 | D        | Reached XP level 2. HP: 14/22 MP: 2/2
    16 | D        | Reached XP level 3. HP: 17/27 MP: 3/3
   225 | D        | Noticed an ogre
   241 | D        | Killed an ogre
   242 | D        | Reached skill level 9 in Long Blades
   242 | D        | Reached XP level 4. HP: 12/33 MP: 4/4
   242 | D        | Reached XP level 5. HP: 14/38 MP: 5/5
   482 | D        | Noticed Sigmund
   497 | D        | Killed Sigmund
   498 | D        | Reached skill level 12 in Long Blades
   498 | D        | Reached XP level 6. HP: 37/44 MP: 6/6
   641 | D        | Found an ornate altar of the Wu Jian Council.
   641 | D        | Found a shimmering blue altar of Sif Muna.
   643 | D        | Found a radiant altar of Vehumet.
   730 | D        | Killed a gargoyle
   743 | D        | Found Tonakoac's Book Emporium.
   743 | D        | Found an ancient bone altar of Kikubaaqudgha.
   743 | D        | Found a hazy altar of Hepliaklqana.
   743 | D        | Found a stormy altar of Qazlal.
   743 | D        | Found a hide-covered altar of Uskayaw.
   743 | D        | Found a blossoming altar of Fedhas.
   743 | D        | Found a bloodstained altar of Trog.
   743 | D        | Found an iron altar of Okawaru.
   743 | D        | Found a basalt altar of Yredelemnul.
   743 | D        | Found a glowing golden altar of the Shining One.
   743 | D        | Found a snail-covered altar of Cheibriados.
   743 | D        | Found a sacrificial altar of Ru.
   743 | D        | Found a glowing silver altar of Zin.
   743 | D        | Found a shadowy altar of Dithmenos.
   743 | D        | Found a white marble altar of Elyvilon.
   743 | D        | Noticed a yak
   779 | D        | Killed a yak
   780 | D        | Reached skill level 14 in Long Blades
   780 | D        | Reached XP level 7. HP: 33/50 MP: 7/7
   802 | D        | Found an opulent altar of Gozag.
   803 | D        | Found a sparkling altar of Nemelex Xobeh.
   810 | D        | Became a worshipper of the Shining One
  1038 | D        | Found a burning altar of Makhleb.
  1038 | D        | Found a viscous altar of Jiyva.
  1038 | D        | Found a shimmering altar of Xom.
  1038 | D        | Found a corrupted altar of Lugonu.
  1038 | D        | Noticed a slime creature
  1052 | D        | Slain by a slime creature

Illustrated notes

Levels and vault maps discovered:
D:        dungeon_sprint_1 [red_sonja_temple_1, red_sonja_temple_small_1]

Skill      XL: |  1  2  3  4  5  6 |
---------------+-------------------+-----
Long Blades    | 6 9 12 14 | 14.0
Fighting       | |  2.0
Throwing       | |  2.0
Dodging        | |  3.0

Action                   |  1- 3 |  4- 6 |  7- 9 || total
-------------------------+-------+-------+-------++-------
Melee: Long sword        |    20 |    31 |    12 ||    63
Throw: Throwing net      |     3 |     1 |       ||     4
  Use: Potion            |     1 |     1 |       ||     2
 Stab: Held in net/web   |     3 |     2 |       ||     5
Armor: Leather armour    |     2 |       |       ||     2
       Chain mail        |     1 |     5 |       ||     6
       Plate armour      |       |     1 |     1 ||     2
Dodge: Dodged            |     6 |     6 |       ||    12
       Rpst.: Long sword |     2 |     1 |       ||     3
